 Dungeon Crawl Stone Soup version 0.29.1-15-g9cfb28693d (webtiles) character file.

Game seed: 516824806408058989

16 javelincjr the Magician (level 2, 0/19 HPs)
             Began as a Demonspawn Hedge Wizard on Apr 19, 2023.
             Was a Follower of Vehumet.
             Slain by a hound (4 damage)
             ... on level 2 of the Dungeon.
             The game lasted 00:02:21 (1249 turns).

javelincjr the Magician (Demonspawn Hedge Wizard)   Turns: 1249, Time: 00:02:22

Health: 0/19       AC:  2    Str: 10    XL:     2   Next: 37%
Magic:  0/6        EV: 12    Int: 15    God:    Vehumet [*.....]
Gold:   22         SH:  0    Dex: 12    Spells: 5/7 levels left

rFire   . . .      SeeInvis .   a - +0 dagger
rCold   . . .      Faith    .   j - orb {light}
rNeg    . . .      Spirit   .   b - +0 robe
rPois   .          Reflect  .   c - +0 hat
rElec   .          Harm     .   (no cloak)
rCorr   .          Rampage  .   (no gloves)
Will    .....                   (no boots)
Stlth   +.........              (no amulet)
HPRegen 0.06/turn               (no ring)
MPRegen 0.10/turn               (no ring)

@: very slightly contaminated, glowing
A: hooves 1
a: Renounce Religion


You were on level 2 of the Dungeon.
You worshipped Vehumet.
Vehumet was aware of your devotion.
You visited 1 branch of the dungeon, and saw 2 of its levels.

You collected 22 gold pieces.

Inventory:

Hand Weapons
 a - a +0 dagger (weapon)
Armour
 b - a +0 robe (worn)
 c - a +0 hat (worn)
 j - an orb of light (worn)
Scrolls
 h - a scroll of blinking {unknown}
 i - a scroll of silence {unknown}
Potions
 d - a potion of magic
 e - 4 potions of curing {unknown}
 f - a potion of resistance {unknown}
 g - a potion of lignification {unknown}


   Skills:
 * Level 0.1 Fighting
 + Level 2.0 Dodging
 + Level 2.0 Stealth
 * Level 3.1 Spellcasting
 + Level 1.3 Conjurations
 + Level 1.2 Summonings
 + Level 1.1 Translocations
 + Level 0.0 Fire Magic


You had 5 spell levels left.
You knew the following spells:

 Your Spells              Type           Power      Damage    Failure   Level
a - Magic Dart            Conj           24%        1d4       11%         1
b - Foxfire               Conj/Fire      16%        2x1d4     14%         1

Your spell library contained the following spells:

 Spells                   Type           Power      Damage    Failure   Level
 Blink                    Tloc           10%        N/A       19%         2
 Call Imp                 Summ           5%         N/A       19%         2
 Slow                     Hex            8%         N/A       21%         1
 Conjure Flame            Conj/Fire      4%         6-21      41%         3
 Mephitic Cloud           Conj/Pois/Air  3%         N/A       45%         3


Dungeon Overview and Level Annotations

Branches:
Dungeon (2/15)

Altars:
Vehumet


Innate Abilities, Weirdness & Mutations

You have large cloven feet.


Message History

You are very lightly contaminated with residual magic.
Nothing appears to happen.
The hound bites you. The bat barely misses you.
The hound pauses to sniff the ground.
The hound closely misses you.
You conjure some foxfire!
The bat hits you but does no damage. The hound bites you.
You miscast Foxfire.
Nothing appears to happen.
The foxfire hits the bat.
The bat is moderately wounded.
The foxfire hits the bat.
The bat is heavily wounded.
The hound barely misses you. The hound closely misses you.
The bat closely misses you.
You conjure some foxfire!
The bat hits you but does no damage.
The foxfire hits the bat.
The bat is severely wounded.
The hound closely misses you.
You conjure some foxfire!
The foxfire hits the bat.
You kill the bat!
Vehumet accepts your kill. The hound bites you.
The hound completely misses you.
You are too injured to fight recklessly!
You are too injured to fight recklessly!
Casting: Foxfire (safe; 14% risk of failure)
Confirm with . or Enter, or press ? or * to list all spells.
You miscast Foxfire.
Nothing appears to happen.
The foxfire hits the hound.
The hound is moderately wounded.
The foxfire hits the hound but does no damage.
The hound is moderately wounded.
The hound misses you.
The kobold throws a stone.
The stone hits you but does no damage.
Casting: Foxfire (safe; 14% risk of failure)
Confirm with . or Enter, or press ? or * to list all spells.
You don't have enough magic to cast this spell.
The hound bites you. The hound attacks as you move away!
The hound completely misses you.
There is a stone staircase leading up here.
The hound bites you.
* * * LOW HITPOINT WARNING * * *
The hound bites you.
You die...

..........
....(....
........#
........### #
.......[..#+##.###
?......##.........
####### #.........
#hK.....).
#@.......!
#....<....
#.........
#.........
#.........
#.........
######+##


You could see a hound and a kobold.

Vanquished Creatures
  A dart slug (D:1)
  A bat (D:2)
  An endoplasm (D:1)
  A goblin (D:1)
  3 hobgoblins (D:1)
  A ball python (D:1)
  A frilled lizard (D:1)
  A kobold (D:2)
  4 rats
14 creatures vanquished.

Vanquished Creatures (others)
  34 foxfires
34 creatures vanquished.

Grand Total: 48 creatures vanquished

Notes
Turn   | Place    | Note
-------+----------+-------------------------------------------
     0 | D:1      | javelincjr the Demonspawn Hedge Wizard began the quest for
                  | the Orb.
     0 | D:1      | Reached XP level 1. HP: 13/13 MP: 4/4
   256 | D:1      | Reached skill level 1 in Translocations
   427 | D:1      | Found a faded altar of an unknown god.
   438 | D:1      | Prayed at the altar of an unknown god.
   438 | D:1      | Became a worshipper of Vehumet
   438 | D:1      | Reached * piety under Vehumet
   438 | D:1      | Offered knowledge of Foxfire by Vehumet.
   441 | D:1      | Learned a level 1 spell: Foxfire
   643 | D:1      | Gained mutation: You have large cloven feet. [demonic
                  | ancestry]
   643 | D:1      | Reached XP level 2. HP: 19/19 MP: 3/6
  1249 | D:2      | Slain by a hound

Illustrated notes

Levels and vault maps discovered:
D:1:      lemuel_arrival_muddy, layout_loops_ring,
          shapermc_ecumenical_altar_notcrosses
D:2:      layout_basic, uniq_natasha, uniq_sigmund

Skill      XL: |  1  2 |
---------------+-------+-----
Translocations | 1 |  1.1
Stealth        | 2 |  2.0
Dodging        | 2 |  2.0
Fighting       | |  0.1
Spellcasting   | |  3.1
Conjurations   | |  1.3
Summonings     | |  1.2

Action                   || total
-------------------------++-------
Melee: Dagger            ||     3
 Cast: Magic Dart        ||     8
       Foxfire           ||    20
Armor: Robe              ||     3
Dodge: Dodged            ||    14
